 Dungeon Crawl Stone Soup version 0.31-a0-217-g58bb5d79cf (webtiles) character file.

Game seed: 1012892451457998758

18 qw the Shooter (level 2, -2/16 HPs)
             Began as a Gargoyle Hexslinger on July 2, 2023.
             Slain by a kobold
             ... wielding a +0 short sword
              (3 damage)
             ... on level 1 of the Dungeon.
             The game lasted 00:00:04 (79 turns).

qw the Shooter (Gargoyle Hexslinger)                  Turns: 79, Time: 00:00:05

Health: -2/16      AC:  4    Str: 11    XL:     2   Next: 70%
Magic:  3/3        EV: 12    Int: 13    God:
Gold:   15         SH:  0    Dex: 12    Spells: 2/3 levels left

rFire   . . .        a - +1 sling
rCold   . . .        (no shield)
rNeg    + . .        c - +0 robe
rPois   inf          (no helmet)
rElec   +            (no cloak)
rCorr   .            (no gloves)
SInv    .            (no boots)
Will    .....        (no amulet)
Stlth   +            (no ring)
HPRegen 0.22/turn    (no ring)
MPRegen 0.08/turn

%: no passive effects
@: no status effects
A: sickness immunity, AC +2, negative energy resistance 1, electricity
resistance, torment resistance 1, petrification resistance
a: no special abilities


You were on level 1 of the Dungeon.
You visited 1 branch of the dungeon, and saw 1 of its levels.

You collected 15 gold pieces.


Innate Abilities, Weirdness & Mutations

You are immune to sickness and miasma.
Your stone body is resilient. (AC +2)
You are immune to poison.
You resist negative energy. (rN+)
You are resistant to electric shocks. (rElec)
You are resistant to unholy torment.
You are immune to petrification.


   Skills:
 - Level 1.1 Fighting
 + Level 3.2 Ranged Weapons
 - Level 1.5 Dodging
 - Level 1.0 Spellcasting
 - Level 2.6 Hexes


You had 2 spell levels left.
You knew the following spells:

 Your Spells              Type           Power      Damage    Failure   Level
a - Slow                  Hex            28%        N/A       10%         1

Your spell library contained the following spells:

 Spells                   Type           Power      Damage    Failure   Level
 Inner Flame              Hex/Fire       4%         N/A       43%         3
 Portal Projectile        Hex/Tloc       8%         N/A       43%         3
 Cause Fear               Hex            3%         N/A       67%         4

Inventory:

Hand Weapons
 a - a +1 sling (weapon)
Armour
 c - a +0 robe (worn)
 e - a +0 helmet
Scrolls
 b - a scroll of poison
 d - a scroll of teleportation {unknown}
Potions
 f - a potion of berserk rage {unknown}

Dungeon Overview and Level Annotations

Branches:
Dungeon (1/15)

Altars:


Message History

The sling bullet hits the gnoll.
The gnoll is moderately wounded.
A hobgoblin comes into view.
You shoot a sling bullet. The sling bullet hits the gnoll.
The gnoll is heavily wounded.
You shoot a sling bullet.
The sling bullet hits the gnoll but does no damage.
The gnoll is heavily wounded.
An endoplasm comes into view.
The gnoll hits you with a +0 flail.
You shoot a sling bullet.
The sling bullet barely misses the gnoll.
The endoplasm quivers.
The sling bullet hits the endoplasm!
You kill the endoplasm!
The gnoll barely misses you.
You shoot a sling bullet. The sling bullet hits the gnoll.
The gnoll is almost dead.
The gnoll hits you with a +0 flail!
Ouch! That really hurt!
You shoot a sling bullet. The sling bullet hits the gnoll.
You kill the gnoll!
The hobgoblin hits you.
Your Ranged Weapons skill increases to level 3!
You shoot a sling bullet.
The sling bullet closely misses the hobgoblin.
The sling bullet hits the kobold.
The kobold is moderately wounded.
The hobgoblin hits you.
You shoot a sling bullet.
The sling bullet hits the hobgoblin but does no damage.
The hobgoblin barely misses you.
You shoot a sling bullet.
The sling bullet completely misses the hobgoblin.
The sling bullet completely misses the kobold.
The hobgoblin hits you but does no damage.
You shoot a sling bullet. The sling bullet hits the hobgoblin.
You kill the hobgoblin!
The kobold hits you with a +0 short sword.
You die... ###. # .#### ..#. .. .... ...
PPP

..# #####. ..P.
#.####### ##.....
P.P..##...##..####......
.....JK@#.##............
P..P..#...#..####.......
..PP. ##.....####.......
P.P. ##.##............
... #...######....... ..
#...# #....... # #...#
#......... .....
...###..... ##...#####
######


You could see an endoplasm and a kobold.

Vanquished Creatures
  A gnoll (D:1)
  2 bats (D:1)
  2 endoplasms (D:1)
  A giant cockroach (D:1)
  A goblin (D:1)
  A hobgoblin (D:1)
  A ball python (D:1)
  A kobold (D:1)
10 creatures vanquished.

Notes
Turn   | Place    | Note
-------+----------+-------------------------------------------
     0 | D:1      | qw the Gargoyle Hexslinger began the quest for the Orb.
     0 | D:1      | Reached XP level 1. HP: 12/12 MP: 2/2
     0 | D:1      | 0 ||| qw: Version: 0.3-a-40-ge99b1a8
     0 | D:1      | 0 ||| qw: Game counter: 18
     0 | D:1      | 0 ||| qw: Melee chars always use a shield: true
     0 | D:1      | 0 ||| qw: God list: Okawaru
     0 | D:1      | 0 ||| qw: Allow faded altars: false
     0 | D:1      | 0 ||| qw: Do Orc after clearing Dungeon:15 true
     0 | D:1      | 0 ||| qw: Do second Lair branch before Depths: true
     0 | D:1      | 0 ||| qw: Lair rune preference: random
     0 | D:1      | 0 ||| qw: Goals: Normal
     0 | D:1      | 0 ||| PLANNING D:1-11
    61 | D:1      | Reached XP level 2. HP: 16/16 MP: 3/3
    75 | D:1      | HP: 3/16 [hobgoblin (2)]
    76 | D:1      | Reached skill level 3 in Ranged Weapons
    76 | D:1      | HP: 1/16 [hobgoblin (3)]
    79 | D:1      | Slain by a kobold

Levels and vault maps discovered:
D:1:      mushboom_english_gardens, layout_rooms, nicolae_grassy_gnolls

Skill      XL: |  1  2 |
---------------+-------+-----
Ranged Weapons | 3 |  3.2
Fighting       | |  1.1
Dodging        | |  1.5
Spellcasting   | |  1.0
Hexes          | |  2.6

Action                     || total
---------------------------++-------
   Fire: Sling             ||    23
 Armour: Robe              ||     3
  Dodge: Dodged            ||     3

Table legend:
 A = Non-vault XP
 B = Vault XP
 C = Vault XP percentage of total XP
 D = Non-vault monster count
 E = Vault monster count
 F = Vault count percentage of total count
                 A         B        C        D         E       F
            +---------+---------+-------+---------+---------+-------
      Total |      15 |      14 |  48.3 |       9 |       1 |  10.0
            +---------+---------+-------+---------+---------+-------
        D:1 |      15 |      14 |  48.3 |       9 |       1 |  10.0
            +---------+---------+-------+---------+---------+-------
